 Dungeon Crawl Stone Soup version 0.30-a0-4-ga7cffc901d (webtiles) character file.

Game seed: 9737942492685450206

1 Zonian the Sneak (level 1, 0/9 HPs)
             Began as a Spriggan Enchanter on Aug 20, 2022.
             Slain by a quokka (4 damage)
             ... on level 1 of the Dungeon on Aug 21, 2022.
             The game lasted 00:01:34 (52 turns).

Zonian the Sneak (Spriggan Enchanter)                 Turns: 52, Time: 00:01:34

Health: 0/9        AC:  2    Str:  4    XL:     1   Next: 16%
Magic:  5/5        EV: 17    Int: 16    God:
Gold:   0          SH:  0    Dex: 15    Spells: 5/5 levels left

rFire   . . .      SeeInvis +    a - +1 dagger
rCold   . . .      Faith    .    (no shield)
rNeg    . . .      Spirit   .    b - +0 robe
rPois   .          Reflect  .    (helmet restricted)
rElec   .          Harm     .    (no cloak)
rCorr   .          Rampage  .    (gloves unavailable)
Will    .....                    (boots unavailable)
Stlth   +++.......               (no amulet)
HPRegen 0.03/turn                (no ring)
MPRegen 0.09/turn                (no ring)

@: very quick
A: very small, no large weapons, unfitting armour, see invisible, speed 3
a: no special abilities


You were on level 1 of the Dungeon.
You visited 1 branch of the dungeon, and saw 1 of its levels.

Inventory:

Hand Weapons
 a - a +1 dagger (weapon)
Armour
 b - a +0 robe (worn)
Potions
 c - 2 potions of invisibility


   Skills:
 - Level 1.1 Short Blades
 + Level 2.7 Dodging
 + Level 4.4 Stealth
 + Level 2.7 Spellcasting
 + Level 3.6 Hexes


You had 5 spell levels left.
You didn't know any spells.
Your spell library contained the following spells:

 Spells                   Type           Power      Damage    Failure   Level
 Confusing Touch          Hex            13%        N/A       13%         3
 Tukima's Dance           Hex            13%        N/A       13%         3
 Ensorcelled Hibernation  Hex/Ice        16%        N/A       14%         2
 Dazzling Flash           Conj/Hex       16%        N/A       26%         3


Dungeon Overview and Level Annotations

Branches:
Dungeon (1/15)

Altars:


Innate Abilities, Weirdness & Mutations

You are very small and have problems with some larger weapons.
You are too small for most types of armour.
You have supernaturally acute eyesight. (SInv)
You cover ground extremely quickly. (Speed+++)


Message History

A hobgoblin comes into view.
Found a gold piece.
Unknown command.
Found a stone staircase leading down.
Found an ivory ring.
The hobgoblin shouts!
A ball python comes into view.
Found a dagger.
The ball python hisses angrily.
You hit the hobgoblin.
The hobgoblin is lightly wounded.
A quokka comes into view.
The hobgoblin completely misses you.
You hit the hobgoblin.
The hobgoblin is moderately wounded.
The hobgoblin barely misses you.
Unknown command.
You closely miss the hobgoblin.
The hobgoblin is moderately wounded.
The hobgoblin barely misses you.
You hit the hobgoblin but do no damage.
The hobgoblin is moderately wounded.
Unknown command.
You hit the hobgoblin.
The hobgoblin is almost dead.
The hobgoblin hits you.
Unknown command.
You hit the hobgoblin.
You kill the hobgoblin!
Unknown command.
Unknown command.
Unknown command.
Unknown command.
Unknown command.
You hit the quokka but do no damage. The quokka bites you.
You closely miss the quokka.
The quokka twitches its whiskers.
The quokka barely misses you.
You hit the quokka but do no damage. The quokka bites you.
You die...

### ####
#<###.>#
##r.#..#
#@#....#
###..###
###....#
#.#..#.#
#..r..## ..##
#..S...#
..#..
#.....##
..... ###...#
.....##.....#


You could see a quokka.

Vanquished Creatures
  A hobgoblin (D:1)
1 creature vanquished.

Notes
Turn   | Place    | Note
-------+----------+-------------------------------------------
     0 | D:1      | Zonian the Spriggan Enchanter began the quest for the Orb.
     0 | D:1      | Reached XP level 1. HP: 9/9 MP: 5/5
    52 | D:1      | Slain by a quokka

Illustrated notes

Levels and vault maps discovered:
D:1:      minmay_arrival_jagged, layout_rooms

Action                   || total
-------------------------++-------
Melee: Dagger            ||     9
Dodge: Dodged            ||     4

Table legend: (Time is in decaauts)
 A = Elapsed time spent in this place.
 B = Non-inter-level travel time spent in this place.
 C = Inter-level travel time spent in this place.
 D = Time resting spent in this place.
 E = Time spent auto-exploring this place.
 F = Levels seen in this place.
 G = Mean time per level.
                   A        B        C        D        E       F      G
               +--------+--------+--------+--------+--------+-----+--------+
         Total |     35 |     35 |      0 |      0 |     11 |   1 |   35.0 |
       Dungeon |     35 |     35 |      0 |      0 |     11 |   1 |   35.0 |
               +--------+--------+--------+--------+--------+-----+--------+

Top non-repeatable levels by time:
     D:1: 35 daAuts
